 Dungeon Crawl Stone Soup version 0.24.0-10-g970556be89 (webtiles) character file.

Game seed: 7695066571874965742, levelgen mode: deterministic

1788 Delamore the Cleaver (level 9, 0/71 HPs)
             Began as a Hill Orc Monk on Nov 4, 2019.
             Was a Believer of Beogh.
             Slain by an orc warrior
             ... wielding a cursed +0 trident
              (13 damage)
             ... on level 7 of the Dungeon.
             The game lasted 00:11:23 (6554 turns).

Delamore the Cleaver (Hill Orc Monk)                Turns: 6554, Time: 00:11:24

Health: 0/71       AC: 14    Str: 17    XL:     9   Next: 8%
Magic:  7/9        EV: 10    Int: 10    God:    Beogh [**....]
Gold:   416        SH:  0    Dex: 13    Spells: 8/8 levels left

rFire    . . .     SeeInvis .   a - +0 hand axe
rCold    . . .     Gourm    .   (no shield)
rNeg     . . .     Faith    .   I - +3 scale mail
rPois    .         Spirit   .   u - +0 helmet
rElec    .         Reflect  .   (no cloak)
rCorr    .         Harm     .   r - +0 pair of gloves
MR       +....                  (no boots)
Stlth    ..........             (no amulet)
HPRegen  0.21/turn              s - ring of protection from magic
MPRegen  0.11/turn              B - +3 ring of protection

@: no status effects
A: no striking features
a: Smiting, Renounce Religion


You were on level 7 of the Dungeon.
You worshipped Beogh.
Beogh was pleased with you.
You were hungry.

You visited 2 branches of the dungeon, and saw 8 of its levels.

You collected 416 gold pieces.

Inventory:

Hand Weapons
 a - a +0 hand axe (weapon)
 o - a +0 war axe
Missiles
 f - 2 atropa-tipped darts
 p - 13 poisoned darts (quivered)
Armour
 r - a +0 pair of gloves (worn)
 u - a +0 helmet (worn)
 I - a +3 scale mail (worn)
Jewellery
 s - a ring of protection from magic (left hand)
 B - a +3 ring of protection (right hand)
 D - an uncursed ring of positive energy
 H - an uncursed ring of protection from fire {unknown}
Wands
 g - a wand of digging (4)
 v - a wand of acid (8)
 G - a wand of flame (30)
Scrolls
 d - 6 scrolls of amnesia
 i - 6 scrolls of teleportation
 j - 3 scrolls of blinking {unknown}
 w - a scroll of fear {unknown}
 x - 4 scrolls of identify
 y - 2 scrolls of immolation {unknown}
 A - 5 scrolls of magic mapping {unknown}
 C - a scroll of random uselessness {unknown}
 J - a scroll of brand weapon {unknown}
Potions
 b - 6 potions of flight {unknown}
 e - a potion of invisibility {unknown}
 h - 2 potions of berserk rage {unknown}
 k - a potion of mutation
 l - a potion of lignification
 m - a potion of heal wounds
 n - a potion of brilliance {unknown}
 q - 3 potions of curing
 t - a potion of agility {unknown}
 z - a potion of resistance {unknown}
 E - 2 potions of haste {unknown}
 F - a potion of cancellation {unknown}
Comestibles
 c - 12 rations


   Skills:
 - Level 3.9 Fighting
 + Level 14.3 Axes
 - Level 0.3 Throwing
 - Level 2.7 Dodging
 - Level 1.5 Stealth
 + Level 0.4 Invocations


You had 8 spell levels left.
You didn't know any spells.
Your spell library was empty.

Dungeon Overview and Level Annotations

Branches:
Dungeon (7/15)             Temple (1/1) D:4

Altars:
Ashenzari
Makhleb
Ru
Xom

Shops:
D:6 }


Message History

Press: ? - help, Shift-Dir - straight line, f/p - orc warrior
Aim: an orc warrior, wielding a +0 trident and wearing a cursed +0 plate armour (severely wounded)
You throw a poisoned dart.
The poisoned dart closely misses the orc warrior.
Throwing (i - inventory. (/) - cycle)
p - 15 poisoned darts (quivered)
Press: ? - help, Shift-Dir - straight line, f/p - orc warrior
Aim: an orc warrior, wielding a +0 trident and wearing a cursed +0 plate armour (severely wounded)
You throw a poisoned dart. The poisoned dart hits the orc warrior.
The orc warrior is poisoned.
The orc warrior is severely wounded.
The orc warrior hits you but does no damage.
Throwing (i - inventory. (/) - cycle)
p - 14 poisoned darts (quivered)
Press: ? - help, Shift-Dir - straight line, f/p - orc warrior
Aim: an orc warrior, wielding a +0 trident and wearing a cursed +0 plate armour (almost dead, poisoned)
You throw a poisoned dart. The poisoned dart hits the orc warrior.
The orc warrior looks even sicker.
The orc warrior is almost dead.
The orc warrior hits you from afar with a cursed +0 trident!
You die...
Beogh appreciates the orc warrior's killing of a heretic priest.

####
#..##.............. #..
#..#####.##.......#
##.##..#####.#...###.#.
#(...........#...# ##.#
##...####.####.[.# ###
#..)..#### ##..#
###..o#.# ##.#
#.......# #.######
#.#....@# #.......
...<....## ##..#...
.##.##...+ #...... ##
#.### ######. #. #. #.
#. #. #. ..#####.


You could see an orc warrior.

Vanquished Creatures
  Sigmund (D:3)
  A hungry ghost (D:7)
  An ice beast (D:5)
  2 ogres (D:5)
  2 centaurs
  3 bullfrogs
  2 scorpions (D:6)
  A howler monkey (D:5)
  3 wights (D:7)
  3 crimson imps (D:5)
  A jelly (D:6)
  A bullfrog zombie (D:6)
  4 hounds
  A bullfrog skeleton (D:4)
  An orc wizard (D:6)
  Ijyb (D:3)
  An iguana (D:7)
  A worker ant (D:4)
  4 gnolls (D:4)
  6 adders
  2 adder zombies (D:5)
  A worm (D:3)
  4 dart slugs
  A leopard gecko (D:7)
  19 orcs
  2 ball pythons
  7 bats
  5 giant cockroaches
  9 goblins
  10 hobgoblins
  10 kobolds
  A quokka (D:3)
  6 frilled lizards
  6 rats
123 creatures vanquished.

Vanquished Creatures (others)
  An orc (D:5)
1 creature vanquished.

Grand Total: 124 creatures vanquished

Notes
Turn   | Place    | Note
-------+----------+-------------------------------------------
     0 | D:1      | Delamore the Hill Orc Monk began the quest for the Orb.
     0 | D:1      | Reached XP level 1. HP: 19/19 MP: 1/1
    72 | D:1      | Reached XP level 2. HP: 22/27 MP: 2/2
   334 | D:1      | Reached XP level 3. HP: 25/33 MP: 3/3
   476 | D:1      | Reached skill level 5 in Axes
  1234 | D:2      | Reached XP level 4. HP: 38/40 MP: 4/4
  1665 | D:3      | Reached skill level 6 in Axes
  2018 | D:3      | Noticed Sigmund
  2038 | D:3      | Killed Sigmund
  2038 | D:3      | Reached skill level 8 in Axes
  2038 | D:3      | Reached XP level 5. HP: 19/46 MP: 5/5
  2038 | D:3      | Reached XP level 6. HP: 21/52 MP: 6/6
  2416 | D:3      | Noticed Ijyb
  2425 | D:3      | Killed Ijyb
  3079 | D:4      | Reached skill level 9 in Axes
  3086 | D:4      | Found a staircase to the Ecumenical Temple.
  3652 | Temple   | Entered the Ecumenical Temple
  3688 | D:5      | Entered Level 5 of the Dungeon
  3688 | D:5      | Noticed an ice beast
  3706 | D:5      | Killed an ice beast
  3706 | D:5      | Reached skill level 10 in Axes
  3706 | D:5      | Reached XP level 7. HP: 38/58 MP: 7/7
  4169 | D:5      | Became a worshipper of Beogh the Brigand
  4169 | D:5      | Reached * piety under Beogh
  4169 | D:5      | Reached ** piety under Beogh
  4172 | D:5      | Found a shattered altar of Ashenzari.
  4300 | D:5      | Reached skill level 11 in Axes
  4381 | D:5      | Found a shimmering altar of Xom.
  4486 | D:5      | Reached XP level 8. HP: 39/66 MP: 8/8
  4722 | D:6      | Reached skill level 12 in Axes
  5075 | D:6      | HP: 2/66 [acid (8)]
  5659 | D:6      | Reached skill level 13 in Axes
  5855 | D:6      | Found Jipoezug's Gadget Emporium.
  6349 | D:7      | Reached skill level 14 in Axes
  6349 | D:7      | Reached XP level 9. HP: 67/71 MP: 9/9
  6554 | D:7      | Slain by an orc warrior

Levels and vault maps discovered:
D:1:      roderic_crop_circles_arrival_small, layout_basic, minmay_ruptured
D:2:      layout_loops_ring, minmay_tetromino_l2
D:3:      layout_basic, first_ration, minmay_misc_feat_iff, uniq_ijyb,
          uniq_sigmund
D:4:      layout_cave_pods, minmay_temple_entry_antechambers
D:5:      layout_rooms, lemuel_crystal_altar, wad_floor_pattern_untrapped,
          led_xom_imps
D:6:      layout_basic, serial_shops, kennysheep_mini
D:7:      minmay_chambers_of_sixes, layout_loops_cross, grunt_ogre_cave,
          grunt_ministairs_9
Temple:   regret_index_temple_sigil_plot

Skill      XL: |  1  2  3  4  5  6  7  8 |
---------------+-------------------------+-----
Axes           | 5 8 10 11 14 | 14.3
Fighting       | |  3.9
Throwing       | |  0.3
Dodging        | |  2.7
Stealth        | |  1.5
Invocations    | |  0.4

Action                   |  1- 3 |  4- 6 |  7- 9 || total
-------------------------+-------+-------+-------++-------
Melee: Hand axe          |   129 |   169 |   415 ||   713
Throw: Dart              |       |     1 |    10 ||    11
Invok: Convert to Beogh  |       |       |     1 ||     1
       Smiting           |       |       |     2 ||     2
Evoke: Wand              |       |       |     1 ||     1
  Use: Scroll            |       |     7 |       ||     7
       Potion            |       |       |     1 ||     1
 Stab: Sleeping          |       |     2 |       ||     2
  Eat: Chunk             |     1 |     7 |     9 ||    17
       Ration            |       |       |     1 ||     1
Armor: Robe              |     3 |       |       ||     3
       Ring mail         |    38 |    73 |    58 ||   169
       Scale mail        |       |       |    62 ||    62
Dodge: Dodged            |    84 |   105 |   141 ||   330
